Map: Seething Jungle

Players

Yøyø - Winner!

  • Race: Zerg Zerg
  • League: Master
  • Spawn Location: 6:00

Titan - Winner!

  • Race: Terran Terran
  • League: Diamond
  • Spawn Location: 7:00

zod

  • Race: Protoss Protoss
  • League: Silver
  • Spawn Location: 1:00

Blubbel

  • Race: Terran Terran
  • League: Silver
  • Spawn Location: 12:00

VOD

Have the link to the VOD?

Description

Time

  • Played on: Jan. 17, 2016, 1:51 p.m.
  • Length: 6:01
Show
View Real Time Build Order
Export as new Build Order

Yøyø Zerg - Winner!

Build Orders: Hatch First 

Get SALT Encoding   

  12  0:01  Drone  
  13  0:12  Overlord  
  13  0:17  Drone  
  14  0:30  Drone x2  
  14  0:34  Drone  
  17  0:56  Drone  
  18  0:58  Hatchery  
  17  1:09  Spawning Pool  
  16  1:15  Extractor  
  16  1:16  Drone  
  16  1:21  Drone  
  16  1:23  Drone  
  18  1:29  Drone  
  19  1:38  Overlord  
  19  1:51  Drone  
  20  1:56  Queen  
  22  2:11  Queen  
  22  2:12  Drone  
  22  2:13  Drone x2  
  27  2:21  Drone  
  28  2:24  Drone  
  29  2:31  Queen  
  31  2:55  Drone x6, Roach Warren  
  36  3:13  Overlord  
  36  3:14  Lair, Overlord  
  36  3:30  Overlord x2  
  36  3:40  Drone, Roach x3  
  36  3:41  Drone  
  44  3:46  Drone x4  
  48  3:52  Evolution Chamber x2  
  48  3:53  Drone, Extractor  
  46  3:59  Drone x2  
  48  4:04  Drone  
  48  4:05  Drone x2  
  51  4:13  Drone  
  51  4:16  Drone x3  
  55  4:19  Glial Reconstitution  
  55  4:25  Extractor  
  55  4:26  Extractor  
  53  4:42  Drone  
  53  4:43  Drone x3  
  57  4:59  Roach x5  
  67  5:00  Overlord  
  67  5:01  Overlord x2  
  67  5:13  Overlord  
  67  5:14  Overlord  
  67  5:26  Roach x2  
  67  5:27  Roach x2  
  75  5:31  Roach  
  75  5:32  Roach x2  
  81  5:35  Infestation Pit  
  81  5:38  Roach  
  81  5:39  Roach  
  92  5:53  Hatchery  
Show
View Real Time Build Order
Export as new Build Order

Titan Terran - Winner!

Build Orders:  

Get SALT Encoding   

  12  0:04  SCV  
  13  0:16  SCV  
  13  0:18  Supply Depot  
  14  0:28  SCV  
  14  0:30  Refinery  
  15  0:40  SCV  
  16  1:11  SCV  
  17  1:20  Barracks x2  
  17  1:23  SCV  
  18  1:35  SCV  
  19  2:01  Supply Depot  
  19  2:08  Reaper x2  
  19  2:14  Orbital Command  
  21  2:17  Command Center  
  18  2:52  Reaper x2  
  18  3:24  Reaper  
  11  4:24  Reaper  
Show
View Real Time Build Order
Export as new Build Order

zod Protoss 

Build Orders:  

Get SALT Encoding   

  12  0:01  Probe (Chrono Boost)  
  13  0:11  Probe (Chrono Boost)  
  14  0:19  Pylon  
  14  0:24  Probe (Chrono Boost)  
  15  0:38  Probe (Chrono Boost)  
  15  0:40  Gateway  
  16  0:48  Probe (Chrono Boost), Assimilator  
  17  0:59  Probe (Chrono Boost)  
  18  1:08  Gateway  
  18  1:09  Probe (Chrono Boost)  
  19  1:20  Probe (Chrono Boost)  
  20  1:29  Pylon  
  20  1:35  Forge  
  20  1:40  Probe (Chrono Boost)  
  21  1:47  Cybernetics Core  
  21  1:51  Probe (Chrono Boost)  
  22  2:01  Assimilator  
  22  2:09  Photon Cannon  
  22  2:12  Photon Cannon  
  22  2:14  Probe (Chrono Boost)  
  23  2:26  Pylon  
  23  2:30  Photon Cannon  
  23  2:41  Photon Cannon  
  23  2:46  Photon Cannon  
  23  2:57  Photon Cannon  
  23  3:02  Photon Cannon  
  22  3:07  Probe (Chrono Boost)  
  23  3:18  Probe (Chrono Boost)  
  24  3:29  Mothership Core (Chrono Boost)  
  26  3:37  Stalker (Chrono Boost)  
  26  3:38  Stalker (Chrono Boost)  
  30  3:48  Warp Gate  
  32  4:11  Stalker (Chrono Boost)  
  32  4:23  Stalker (Chrono Boost)  
  34  4:38  Assimilator  
  34  4:42  Nexus  
  34  4:46  Assimilator  
  34  4:50  Pylon  
  34  4:51  Pylon  
  34  4:53  Pylon  
  34  4:57  Pylon  
  34  5:27  Stalker (Chrono Boost)  
  38  5:31  Stalker (Chrono Boost)  
Show
View Real Time Build Order
Export as new Build Order

Blubbel Terran 

Build Orders: Liberator Opening 

Get SALT Encoding   

  12  0:02  SCV  
  13  0:14  SCV  
  14  0:25  Supply Depot  
  14  0:27  SCV  
  15  0:32  Refinery  
  15  0:46  SCV  
  15  0:49  Barracks  
  16  0:59  SCV  
  17  1:11  SCV  
  18  1:23  SCV  
  19  1:35  SCV  
  19  1:37  Supply Depot  
  20  1:46  Command Center  
  20  1:47  SCV  
  21  2:02  Factory  
  21  2:03  Marine  
  22  2:15  Bunker  
  22  2:28  Orbital Command  
  22  2:30  Marine  
  23  2:45  Supply Depot  
  23  2:54  SCV  
  24  2:59  Starport  
  24  3:03  Widow Mine  
  26  3:07  Marine  
  27  3:15  Barracks  
  27  3:21  Liberator  
  27  3:25  Marine  
  27  3:40  Widow Mine  
  17  4:37  SCV  
  18  4:39  SCV  
  19  4:49  SCV  
  19  4:52  SCV  
  21  5:01  SCV  
  21  5:04  SCV  
  23  5:13  SCV  
  24  5:16  SCV  
  25  5:25  SCV  
  21  5:37  SCV  
Tags
 
Add a new tag
Caveats
  • Supply blocks, unpowered buildings, or Contaminate may cause inaccurate times.
  • Supply counts are checked every 10 seconds.